 Dungeon Crawl Stone Soup version 0.24.0-123-gd5b16e6ec5 (webtiles) character file.

Game seed: 8446364765050203897, levelgen mode: deterministic

40 McKennaii the Gusty (level 3, -2/19 HPs)
             Began as a Tengu Air Elementalist on Dec 19, 2019.
             Killed from afar by Sigmund (8 damage)
             ... with a magic dart
             ... on level 2 of the Dungeon.
             The game lasted 00:04:03 (1611 turns).

McKennaii the Gusty (Tengu Air Elementalist)        Turns: 1611, Time: 00:04:04

Health: -2/19      AC:  3    Str:  8    XL:     3   Next: 50%
Magic:  6/7        EV: 28    Int: 16    God:
Gold:   81         SH:  0    Dex: 14    Spells: 5/6 levels left

rFire    . . .     SeeInvis .   (no weapon)
rCold    . . .     Gourm    .   (no shield)
rNeg     . . .     Faith    .   a - +0 robe
rPois    .         Spirit   .   (helmet restricted)
rElec    .         Reflect  .   (no cloak)
rCorr    .         Harm     .   n - +0 pair of gloves
MR       .....                  (boots unavailable)
Stlth    +++.......             h - amulet of the acrobat
HPRegen  0.06/turn              l - ring of stealth
MPRegen  0.10/turn              (no ring)

@: acrobat
A: beak, talons 3
a: no special abilities


You were on level 2 of the Dungeon.
You were not hungry.

You visited 1 branch of the dungeon, and saw 2 of its levels.

You collected 81 gold pieces.

Inventory:

Armour
 a - a +0 robe (worn)
 n - a +0 pair of gloves (worn)
Jewellery
 h - an amulet of the acrobat (around neck)
 l - a ring of stealth (left hand)
Scrolls
 b - a scroll of identify {unknown}
 e - 3 scrolls of enchant armour {unknown}
 f - a scroll of fog {unknown}
 j - a scroll of blinking {unknown}
Potions
 d - a potion of degeneration {unknown}
 g - a potion of curing {unknown}
 i - a potion of berserk rage {unknown}
 k - a potion of might {unknown}
 m - a potion of magic {unknown}
Comestibles
 c - 3 rations


   Skills:
 + Level 2.5 Dodging
 + Level 2.0 Stealth
 + Level 2.2 Spellcasting
 + Level 1.9 Conjurations
 * Level 5.2 Air Magic


You had 5 spell levels left.
You knew the following spells:

 Your Spells              Type           Power        Failure   Level  Hunger
a - Shock                 Conj/Air       ##..         4%          1    #......

Your spell library contained the following spells:

 Spells                   Type           Power        Failure   Level  Hunger
 Swiftness                Chrm/Air       ##......     11%         2    ###....
 Static Discharge         Conj/Air       ##......     14%         3    ###....
 Airstrike                Air            ###.......   24%         4    #####..
 Lightning Bolt           Conj/Air       ##........   78%         5    ######.


Dungeon Overview and Level Annotations

Branches:
Dungeon (2/15)

Altars:

Annotations:
D:2 Sigmund


Innate Abilities, Weirdness & Mutations

You have a beak for a mouth.
You have claws for feet.


Message History

Sigmund casts a spell at you.
You are confused.
You bump into the rock wall.
You bump into the rock wall.
You feel less confused.
Casting: Shock (safe; 4% risk of failure)
Confirm with . or Enter, or press ? or * to list all spells.
Aiming: Shock (safe; 4% risk of failure)
Press: ? - help, Shift-Dir - straight line, p - Sigmund The zap hits Sigmund.
Sigmund is moderately wounded.
The zap hits Sigmund but does no damage.
Sigmund is moderately wounded.
Sigmund casts a spell at you. The magic dart hits you!
* * * LOW HITPOINT WARNING * * *
Your magical contamination has completely faded away.
Sigmund gestures at you while chanting. The magic dart hits you!
You die...

####.#....# #.#
<.#.......###.#
.##..#.#...<#.#
{##..#.#..###.####.#
.##..#.#...........#
...>.#.#.####.######
(....#.#.# #.#
###.##.#.#
#.###########
.......#(#
#...@.....@.#
.##.####.#
###########.# ..#.#
#.# #.# #.#.# #.#
#.# #...####.# #.#
.......#.# #####@###
##..##.#.# #.......#
#......#.# #.#######
#....###.# #.#


You could see Sigmund.

Vanquished Creatures
  An adder (D:1)
  A giant cockroach (D:1)
  5 goblins
  6 hobgoblins
  5 kobolds (D:1)
  A ball python (D:1)
  4 bats (D:1)
  3 frilled lizards (D:1)
  4 rats (D:1)
30 creatures vanquished.

Notes
Turn   | Place    | Note
-------+----------+-------------------------------------------
     0 | D:1      | McKennaii the Tengu Air Elementalist began the quest for
                  | the Orb.
     0 | D:1      | Reached XP level 1. HP: 10/10 MP: 4/4
   248 | D:1      | Reached XP level 2. HP: 15/15 MP: 1/6
   746 | D:1      | Reached XP level 3. HP: 19/19 MP: 4/7
   827 | D:1      | Reached skill level 5 in Air Magic
  1198 | D:2      | Noticed Sigmund
  1611 | D:2      | Killed from afar by Sigmund

Levels and vault maps discovered:
D:1:      minmay_arrival_wavy_path, layout_loops_ring, corner_web_ring,
          minmay_tetromino_s4
D:2:      layout_basic, first_ration, uniq_sigmund

Skill      XL: |  1  2  3 |
---------------+----------+-----
Air Magic      | 5 |  5.2
Dodging        | |  2.5
Stealth        | |  2.0
Spellcasting   | |  2.2
Conjurations   | |  1.9

Action                   || total
-------------------------++-------
Melee: Unarmed           ||     1
 Cast: Shock             ||    72
  Eat: Chunk             ||     3
Armor: Robe              ||     2
Dodge: Dodged            ||    12
